 Dungeon Crawl Stone Soup version 0.27.1 (webtiles) character file.

Game seed: 14005663216898105779

101 pkoi the Ruffian (level 4, -1/44 HPs)
             Began as a Troll Fighter on Aug 25, 2021.
             Killed from afar by a white imp (6 damage)
             ... with a puff of frost
             ... on level 4 of the Dungeon.
             The game lasted 00:02:19 (2239 turns).

pkoi the Ruffian (Troll Fighter)                    Turns: 2239, Time: 00:02:19

Health: -1/44      AC:  4    Str: 25    XL:     4   Next: 48%
Magic:  3/3        EV:  7    Int:  4    God:
Gold:   118        SH:  8    Dex:  9    Spells: 3/3 levels left

rFire    . . .     SeeInvis .     - Unarmed
rCold    . . .     Faith    .   b - +0 kite shield
rNeg     . . .     Spirit   .   a - +0 robe
rPois    .         Reflect  .   (helmet restricted)
rElec    .         Harm     .   (no cloak)
rCorr    .         Rampage  .   (gloves unavailable)
Will     .....                  (boots unavailable)
Stlth    +.........             (no amulet)
HPRegen  1.14/turn              (no ring)
MPRegen  0.08/turn              (no ring)

@: no status effects
A: large, unfitting armour, claws 3, regeneration 1, shaggy fur 1, tough skin 1
a: no special abilities


You were on level 4 of the Dungeon.
You visited 1 branch of the dungeon, and saw 4 of its levels.

You collected 118 gold pieces.

Inventory:

Armour
 a - a +0 robe (worn)
 b - a +0 kite shield (worn)
Scrolls
 d - a scroll of noise {unknown}
 e - a scroll of fog {unknown}
 f - a scroll of magic mapping {unknown}
 h - a scroll of identify {unknown}
Potions
 c - a potion of might
 g - a potion of heal wounds {unknown}
 i - a potion of berserk rage {unknown}
 j - a potion of mutation {unknown}


   Skills:
 - Level 2.4 Fighting
 - Level 2.4 Dodging
 - Level 2.4 Shields
 + Level 4.8 Unarmed Combat


You had 3 spell levels left.
You didn't know any spells.
Your spell library was empty.

Dungeon Overview and Level Annotations

Branches:
Dungeon (4/15)
 Temple: D:4-7

Altars:
Zin


Innate Abilities, Weirdness & Mutations

You are too large for most types of armour.
You have claws for hands.
Your natural rate of healing is unusually fast.
You are covered in fur. (AC +1)
You have tough skin. (AC +1)


Message History

No target in view!
A white imp comes into view.
The white imp shouts, "Take thy face hence, thou puny tip-merry cross-patch!"
A white imp is nearby!
A white imp is nearby!
A white imp is nearby!
The white imp gestures at you. The puff of frost hits you!
The white imp gestures at you. The puff of frost hits you!
You are too injured to fight recklessly!
You are too injured to fight recklessly!
Found a club.
You are too injured to fight recklessly!
You scratch the white imp but do no damage.
The white imp barely misses you.
You are too injured to fight recklessly!
You are too injured to fight recklessly!
You are too injured to fight recklessly!
You closely miss the white imp. The white imp gestures at you.
The puff of frost hits you! The white imp gestures at you.
The puff of frost misses you.
You barely miss the white imp. The white imp hits you.
* * * LOW HITPOINT WARNING * * *
The white imp freezes you.
* * * LOW HITPOINT WARNING * * *
You closely miss the white imp. The white imp gestures at you.
The puff of frost hits you!
* * * LOW HITPOINT WARNING * * *
You barely miss the white imp. The white imp gestures at you.
The puff of frost hits you!
* * * LOW HITPOINT WARNING * * *
You scratch the white imp but do no damage.
The white imp gestures at you. The puff of frost hits you.
You die...

......#..## .#
###.. ##..# ).
#.## ##.# ..
##.# #.## #.
#.## #..# .#
##..###..## #.
##..#..##..#
#.###.#####..###
#5@...# ####
.......#..##
.......###.#
....... ..#
....... #...
....... ..##
...#... ..#
..##... ..


You could see a white imp.

Vanquished Creatures
  4 adders
  4 worms
  4 orcs (D:3)
  5 ball pythons
  3 bats
  2 endoplasms
  2 giant cockroaches (D:2)
  7 goblins
  3 hobgoblins
  4 jackals (D:1)
  3 kobolds
  2 quokkas (D:1)
  6 frilled lizards
  A rat (D:1)
50 creatures vanquished.

Notes
Turn   | Place    | Note
-------+----------+-------------------------------------------
     0 | D:1      | pkoi the Troll Fighter began the quest for the Orb.
     0 | D:1      | Reached XP level 1. HP: 22/22 MP: 0/0
   130 | D:1      | Reached XP level 2. HP: 29/29 MP: 1/1
   244 | D:1      | Reached skill level 3 in Unarmed Combat
   587 | D:2      | You fall into a shaft and drop 1 floor!
   677 | D:3      | Found a faded altar of an unknown god.
   758 | D:3      | Reached XP level 3. HP: 3/36 MP: 2/2
   760 | D:3      | HP: 1/36 [poisoned by an adder]
   765 | D:3      | HP: 1/36 [poisoned by an adder]
   944 | D:2      | Reached skill level 4 in Unarmed Combat
  1277 | D:2      | Reached XP level 4. HP: 43/44 MP: 3/3
  1866 | D:3      | Found a glowing silver altar of Zin.
  2239 | D:4      | Killed from afar by a white imp

Illustrated notes

Levels and vault maps discovered:
D:1:      dpeg_arrival_rhombus, layout_loops_ring
D:2:      layout_basic, grunt_ministairs_8
D:3:      layout_basic, lemuel_doored_altar, shapermc_ecumenical_altar_venn
D:4:      layout_layer_cave, mainiacjoe_overflow_alcove_4, uniq_duvessa,
          uniq_natasha

Skill      XL: |  1  2  3 |
---------------+----------+-----
Unarmed Combat | 3 4 |  4.8
Fighting       | |  2.4
Dodging        | |  2.4
Shields        | |  2.4

Action                   |  1- 3 |  4- 6 || total
-------------------------+-------+-------++-------
Melee: Unarmed           |   103 |    36 ||   139
 Stab: Sleeping          |     1 |       ||     1
Armor: Robe              |    21 |     8 ||    29
Dodge: Dodged            |    15 |    10 ||    25
Block: Kite shield       |    30 |     8 ||    38
